 Dungeon Crawl Stone Soup version 0.23.2-1-ga50397a (webtiles) character file.

Game seed: 12546624380240810261

39 doot the Magician (level 3, 3/19 HPs)
             Began as a Deep Elf Wizard on May 5, 2019.
             Quit the game on level 3 of the Dungeon.
             The game lasted 00:03:53 (923 turns).

doot the Magician (Deep Elf Wizard)                  Turns: 923, Time: 00:03:54

Health: 3/19       AC:  2    Str:  4    XL:     3   Next: 26%
Magic:  0/12       EV:  7    Int: 28    God:
Gold:   25         SH:  0    Dex: 13    Spells: 6/13 levels left

rFire    . . .     SeeInvis .   (no weapon)
rCold    . . .     Gourm    .   (no shield)
rNeg     . . .     Faith    .   a - +0 robe
rPois    .         Spirit   .   b - +0 hat
rElec    .         Reflect  .   (no cloak)
rCorr    .         Harm     .   (no gloves)
MR       .....                  (no boots)
Stlth    +.........             h - amulet of rage
HPRegen  0.06/turn              i - ring of attention (curse)
MPRegen  0.13/turn              n - -6 ring of evasion (curse)

@: brilliant, lethally poisoned (3 -> -2)
A: no striking features
a: Evoke Berserk Rage


You were on level 3 of the Dungeon.
You were not hungry.

You visited 1 branch of the dungeon, and saw 3 of its levels.

You collected 25 gold pieces.

Inventory:

Armour
 a - a +0 robe (worn)
 b - a +0 hat (worn)
Jewellery
 h - an amulet of rage (around neck)
 i - a cursed ring of attention (left hand)
 n - a cursed -6 ring of evasion (right hand)
Potions
 k - a potion of flight
Comestibles
 d - 3 rations


   Skills:
 + Level 2.7 Dodging
 + Level 2.6 Stealth
 + Level 5.5 Spellcasting
 + Level 1.4 Conjurations
 + Level 1.6 Summonings
 + Level 1.1 Translocations


You had 6 spell levels left.
You knew the following spells:

 Your Spells              Type           Power        Failure   Level  Hunger
a - Magic Dart            Conj           ####         1%          1    None
b - Blink                 Tloc           N/A          1%          2    None
c - Call Imp              Summ           ####....     1%          2    None
d - Slow                  Hex            ###.....     1%          2    None

Your spell library contained the following spells:

 Spells                   Type           Power        Failure   Level  Hunger
 Conjure Flame            Conj/Fire      ####....     1%          3    None
 Mephitic Cloud           Conj/Pois/Air  ####....     1%          3    None


Dungeon Overview and Level Annotations

Branches:
Dungeon (3/15)

Altars:

Annotations:
D:3 Jessica


Message History

You are poisoned.
The adder poisons you!
Casting: Magic Dart (safe; 1% risk of failure)
Confirm with . or Enter, or press ? or * to list all spells.
Aiming: Magic Dart (safe; 1% risk of failure)
Press: ? - help, Shift-Dir - straight line, f/p - adder
Aim: an adder (severely wounded)
The magic dart hits the adder.
You kill the adder!
You feel sick. The bat hits you but does no damage.
The leopard gecko barely misses you.
Jessica the Apprentice Sorceress comes into view.
She is wielding a +0 dagger.
The bat hits you.
* * * LOW HITPOINT WARNING * * *
Jessica shouts!
You hear a shout!
The rat twitches its whiskers.
The bat hits you.
* * * LOW HITPOINT WARNING * * *
Jessica mumbles something strange.
Are you sure you want to abandon this character and quit the game? (Confirm with "yes".)

#..####l#.##......# #
#.g# #r#.##......#
#..###..####.#.##......#
#.......##..........)..#
###.##..##..........<..#
.......r.#......#(......
.##.##.l##......#......#
# #.b##......#......#
#.@...............#
.......................#
.......................#
.......................#
.....#>....(.....#######
.@...#...........#
.....#.########### ....
##


You could see Jessica, a leopard gecko, a hobgoblin, a bat and a rat.

Vanquished Creatures
  An adder (D:3)
  An ooze (D:1)
  4 dart slugs
  A goblin (D:2)
  4 hobgoblins
  2 bats (D:1)
  5 kobolds
  A rat (D:1)
19 creatures vanquished.

Notes
Turn   | Place    | Note
-------+----------+-------------------------------------------
     0 | D:1      | doot the Deep Elf Wizard began the quest for the Orb.
     0 | D:1      | Reached XP level 1. HP: 10/10 MP: 7/7
   101 | D:1      | Reached XP level 2. HP: 15/15 MP: 0/9
   159 | D:1      | Reached skill level 5 in Spellcasting
   605 | D:1      | Learned a level 2 spell: Blink
   608 | D:1      | Learned a level 2 spell: Call Imp
   611 | D:1      | Learned a level 2 spell: Slow
   646 | D:1      | You fall through a shaft!
   883 | D:3      | Reached XP level 3. HP: 19/19 MP: 3/12
   921 | D:3      | Noticed Jessica
   923 | D:3      | Quit the game

Skill      XL: |  1  2 |
---------------+-------+-----
Spellcasting   | 5 |  5.5
Dodging        | |  2.7
Stealth        | |  2.6
Conjurations   | |  1.4
Summonings     | |  1.6
Translocations | |  1.1

Action                   || total
-------------------------++-------
Melee: Unarmed           ||     1
 Cast: Magic Dart        ||    51
       Call Imp          ||     3
       Blink             ||     1
  Use: Scroll            ||     5
       Potion            ||     2
Armor: Robe              ||    10
Dodge: Dodged            ||    20
